 Dungeon Crawl Stone Soup version 0.26-a0-412-ga3d1f51b (webtiles) character file.

Game seed: 2025689465217709674

145 JryanB the Covered (level 5, -20/47 HPs)
             Began as a Minotaur Fighter on July 24, 2020.
             Was an Initiate of the Shining One.
             Blown up by Ijyb (26 damage)
             ... with a disintegration bolt
             ... on level 3 of the Dungeon.
             The game lasted 00:08:18 (2455 turns).

JryanB the Covered (Minotaur Fighter)               Turns: 2455, Time: 00:08:18

Health: -20/47     AC: 11    Str: 22    XL:     5   Next: 6%
Magic:  4/4        EV:  8    Int:  5    God:    the Shining One [......]
Gold:   65         SH:  9    Dex:  9    Spells: 4/4 levels left

rFire    . . .     SeeInvis .   a - +0 war axe
rCold    . . .     Faith    .   c - +0 kite shield
rNeg     . . .     Spirit   .   b - +0 scale mail
rPois    .         Reflect  .   (helmet restricted)
rElec    .         Harm     .   p - +2 cloak
rCorr    .                      j - +0 pair of gloves
MR       .....                  (no boots)
Stlth    ..........             (no amulet)
HPRegen  0.15/turn              (no ring)
MPRegen  0.09/turn              (no ring)

@: mighty, glowing
A: retaliatory headbutt, horns 2
a: Renounce Religion


You were on level 3 of the Dungeon.
You worshipped the Shining One.
The Shining One was noncommittal.
You visited 1 branch of the dungeon, and saw 3 of its levels.

You collected 65 gold pieces.

Inventory:

Hand Weapons
 a - a +0 war axe (weapon)
 k - a +2 antimagic dagger
 o - a +3 quarterstaff of chaos
Missiles
 f - 5 boomerangs (quivered)
Armour
 b - a +0 scale mail (worn)
 c - a +0 kite shield (worn)
 j - a +0 pair of gloves (worn)
 p - a +2 cloak (worn)
Scrolls
 g - a scroll of teleportation
 i - 2 scrolls of amnesia {unknown}
 l - 2 scrolls of fear {unknown}
 m - 3 scrolls of identify
Potions
 e - a potion of brilliance {unknown}
 h - a potion of lignification {unknown}
 n - a potion of flight {unknown}


   Skills:
 + Level 4.4 Fighting
 + Level 4.1 Axes
 + Level 4.5 Armour
 + Level 1.4 Dodging
 + Level 0.1 Stealth
 + Level 4.3 Shields


You had 4 spell levels left.
You didn't know any spells.
Your spell library was empty.

Dungeon Overview and Level Annotations

Branches:
Dungeon (3/15)

Altars:
Uskayaw
The Shining One

Annotations:
D:3 Ijyb


Innate Abilities, Weirdness & Mutations

You reflexively headbutt those who attack you in melee.
You have a pair of horns on your head.


Message History

You are too injured to fight recklessly!
You are too injured to fight recklessly!
You are too injured to fight recklessly!
You are too injured to fight recklessly!
You are too injured to fight recklessly!
You are too injured to fight recklessly!
You are too injured to fight recklessly!
You are too injured to fight recklessly!
Drop what? 16/52 slots (_ for help) (? for menu, Esc to quit)
Okay, then.
You feel very mighty all of a sudden. Ijyb hits you but does no damage.
You barely miss Ijyb. You headbutt Ijyb, but do no damage.
Ijyb hits you but does no damage.
You hit Ijyb but do no damage. Ijyb hits you but does no damage. x2
You barely miss Ijyb. You headbutt Ijyb!
Ijyb is moderately wounded.
Ijyb zaps a wand.
You are blasted!
Ouch! That really hurt!
You die...

....#+### .......
..$... .... ########
... .......####### #.#
###
.......##....###.#...#
.............'..@g...#
.......##....###..##.#
.......####..........
....................>.#
.................###..#
#########.#......# ...#
# #..........### ..#
#####'####......# ..
......).........#


You could see Ijyb.

Vanquished Creatures
  Crazy Yiuf (D:2)
  Jessica (D:2)
  A howler monkey zombie (D:3)
  2 adders (D:2)
  3 worms
  A dart slug (D:1)
  3 leopard geckos
  7 bats
  3 giant cockroaches
  3 goblins
  8 hobgoblins
  2 jackals (D:2)
  6 kobolds
  A ball python (D:1)
  5 frilled lizards
  6 rats
53 creatures vanquished.

Notes
Turn   | Place    | Note
-------+----------+-------------------------------------------
     0 | D:1      | JryanB the Minotaur Fighter began the quest for the Orb.
     0 | D:1      | Reached XP level 1. HP: 19/19 MP: 0/0
   320 | D:1      | Reached XP level 2. HP: 27/27 MP: 1/1
   870 | D:2      | Reached XP level 3. HP: 25/33 MP: 2/2
  1310 | D:2      | Noticed Jessica
  1320 | D:2      | Reached skill level 1 in Dodging
  1325 | D:2      | Killed Jessica
  1325 | D:2      | Reached XP level 4. HP: 25/41 MP: 1/3
  1577 | D:2      | Found a glowing golden altar of the Shining One.
  1844 | D:2      | Became a worshipper of the Shining One
  2087 | D:2      | Found a hide-covered altar of Uskayaw.
  2211 | D:2      | Found a runed translucent door.
  2212 | D:2      | Noticed Crazy Yiuf
  2217 | D:2      | Paralysed by Crazy Yiuf for 2 turns
  2222 | D:2      | Killed Crazy Yiuf
  2432 | D:3      | Reached XP level 5. HP: 47/47 MP: 4/4
  2445 | D:3      | Noticed Ijyb
  2455 | D:3      | Blown up by Ijyb

Illustrated notes

Levels and vault maps discovered:
D:1:      minmay_arrival_loop, layout_basic
D:2:      layout_loops_ring, lemuel_round_altar, nicolae_tso_carved_into_rock,
          uniq_jessica, uniq_crazy_yiuf_cottage
D:3:      layout_basic, uniq_ijyb

Skill      XL: |  1  2  3  4 |
---------------+-------------+-----
Fighting       | 4 |  4.4
Shields        | 4 |  4.3
Armour         | 4 |  4.5
Axes           | 3 4 |  4.1
Dodging        | 1 |  1.4
Stealth        | |  0.1

Action                   |  1- 3 |  4- 6 || total
-------------------------+-------+-------++-------
Melee: War axe           |    73 |    56 ||   129
       Headbutt          |     6 |     6 ||    12
  Use: Scroll            |     4 |       ||     4
       Potion            |       |     1 ||     1
Armor: Scale mail        |    42 |    34 ||    76
Dodge: Dodged            |    20 |    16 ||    36
Block: Kite shield       |    46 |    22 ||    68

Table legend: (Time is in decaauts)
 A = Elapsed time spent in this place.
 B = Non-inter-level travel time spent in this place.
 C = Inter-level travel time spent in this place.
 D = Time resting spent in this place.
 E = Time spent auto-exploring this place.
 F = Levels seen in this place.
 G = Mean time per level.
                   A        B        C        D        E       F      G
               +--------+--------+--------+--------+--------+-----+--------+
         Total |   2509 |   2303 |    206 |     47 |   1703 |   3 |  836.3 |
       Dungeon |   2509 |   2303 |    206 |     47 |   1703 |   3 |  836.3 |
               +--------+--------+--------+--------+--------+-----+--------+

Top non-repeatable levels by time:
     D:2: 1575 daAuts
     D:1: 866 daAuts
     D:3: 68 daAuts
